 Dungeon Crawl Stone Soup version 0.19.0-19-g8c6edcc (webtiles) character file.

33 stigmas the Insei (level 3, -1/28 HPs)
             Began as a Demigod Transmuter on Nov 14, 2016.
             Killed from afar by an orc wizard (7 damage)
             ... with a magic dart
             ... on level 3 of the Dungeon.
             The game lasted 00:01:58 (1661 turns).

stigmas the Insei (Demigod Transmuter)              Turns: 1661, Time: 00:01:59

Health: -1/28      AC:  3    Str: 13    XL:     3   Next: 0%
Magic:  7/8        EV: 13    Int: 19    God:
Gold:   41         SH:  0    Dex: 16    Spells: 1 memorised, 4 levels left

rFire  + + .     SeeInvis +       - Unarmed
rCold  + . .     Gourm    .     b - +0 robe
rNeg   . . .     Faith    .     (no shield)
rPois  +         Spirit   .     (no helmet)
rElec  +         Reflect  .     e - +0 cloak
rCorr  +         Harm     .     (no gloves)
MR     .....                    (no boots)
Stlth  +.........               (no amulet)
                                m - ring of see invisible
                                i - ring of protection from fire

@: resistant, very slightly contaminated
A: high mp 1
a: no special abilities


You were on level 3 of the Dungeon.
You were not hungry.

You visited 1 branch of the dungeon, and saw 3 of its levels.

You collected 41 gold pieces.

Inventory:

Missiles
 a - 12 arrows
Armour
 b - a +0 robe (worn)
 e - a +0 cloak (worn)
Jewellery
 i - a ring of protection from fire (left hand)
 m - a ring of see invisible (right hand)
 n - an uncursed ring of stealth {unknown}
Scrolls
 f - a scroll of amnesia {unknown}
 h - a scroll of immolation {unknown}
 j - a scroll of identify {unknown}
 k - a scroll of enchant armour {unknown}
Books
 c - a book of Changes

   Spells                             Type                      Level
   a - Beastly Appendage              Transmutation                1
   b - Sticks to Snakes               Transmutation                2
   c - Spider Form                    Transmutation/Poison         3
   d - Ice Form                       Ice/Transmutation            4
   e - Blade Hands                    Transmutation                5
Comestibles
 d - a bread ration
 g - a meat ration


   Skills:
 * Level 1.2 Fighting
 + Level 2.0 Dodging
 * Level 3.3 Unarmed Combat
 * Level 1.9 Spellcasting
 * Level 1.9 Transmutations


You had 4 spell levels left.
You knew the following spells:

 Your Spells              Type           Power        Failure   Level  Hunger
a - Beastly Appendage     Tmut           #.....       10%         1    #......


Dungeon Overview and Level Annotations

Branches:
Dungeon (3/15)


Innate Abilities, Weirdness & Mutations

You have an increased reservoir of magic. (+10% MP)


Message History

The magic dart hits you!
* * * LOW HITPOINT WARNING * * *
Casting: Beastly Appendage
Confirm with . or Enter, or press ? or * to list all spells.
You miscast Beastly Appendage.
You are very lightly contaminated with residual magic.
Nothing appears to happen.
It was a potion of resistance.
You feel protected.
The orc wizard casts a spell.
The orc wizard mumbles some strange words.
The orc wizard blinks!
Items here: ( ))) † a dagger; an uncursed dagger; an uncursed hunting sling; 12 sling bullets an orc corpse You barely miss the orc wizard.
The orc wizard barely misses you.
You closely miss the orc wizard. The orc wizard closely misses you.
The orc wizard points at you and mumbles some strange words.
The magic dart hits you!
You die...

...............
................
.................
.................
.................
.................
.......o.........
.......@.........
.................
#.#####.#)######
#.#)# #.#(# ..#.#
###(# #(# #.#


You could see an orc wizard.

Vanquished Creatures
  A gnoll (D:1)
  2 orcs (D:3)
  6 goblins
  2 hobgoblins (D:1)
  2 jackals (D:3)
  A bat (D:1)
  A frilled lizard (D:1)
  3 kobolds
  2 rats (D:1)
20 creatures vanquished.

Notes
Turn   | Place    | Note
-------+----------+-------------------------------------------
     0 | D:1      | stigmas the Demigod Transmuter began the quest for the Orb.
     0 | D:1      | Reached XP level 1. HP: 15/15 MP: 5/5
    56 | D:1      | Reached skill level 1 in Fighting
    56 | D:1      | Reached skill level 3 in Unarmed Combat
    72 | D:1      | Reached XP level 2. HP: 17/23 MP: 7/7
  1654 | D:3      | Reached XP level 3. HP: 14/28 MP: 8/8
  1661 | D:3      | Killed from afar by an orc wizard

Skill      XL: |  1  2 |
---------------+-------+-----
Fighting       | 1 |  1.2
Unarmed Combat | 3 |  3.3
Dodging        | 2 |  2.0
Spellcasting   | |  1.9
Transmutations | |  1.9

Action                   || total
-------------------------++-------
Melee: Unarmed           ||    81
       Headbutt          ||     1
 Cast: Beastly Appendage ||     1
  Use: Potion            ||     1
  Eat: Bread ration      ||     1
Armor: Robe              ||    12
Dodge: Dodged            ||    57
